 Dungeon Crawl Stone Soup version 0.31-a0-692-gf03d1854d5 (webtiles) character file.

Game seed: 14079711265298393257

12947 qw the Skirmisher (level 12, -1/77 HPs)
             Began as a Gargoyle Hunter on Sept 6, 2023.
             Was an Elder of Okawaru.
             Slain by an alligator (17 damage)
             ... on level 1 of the Lair of Beasts.
             The game lasted 00:05:26 (8570 turns).

qw the Skirmisher (Gargoyle Hunter)                 Turns: 8570, Time: 00:05:27

Health: -1/77      AC: 28    Str: 15    XL:     12   Next: 0%
Magic:  16/17      EV: 17    Int: 11    God:    Okawaru [****..]
Gold:   541        SH:  0    Dex: 17    Spells: 11/11 levels left

rFire   + . .        j - +0 orcbow
rCold   . . .        (shield currently unavailable)
rNeg    + . .        u - +2 ring mail {rF+}
rPois   inf          (no helmet)
rElec   +            v - +0 cloak
rCorr   .            p - +0 pair of gloves
SInv    .            t - +2 pair of boots
Will    .....        a - amulet of regeneration
Stlth   +++          o - +4 ring of protection
HPRegen 1.12/turn    h - +5 ring of evasion
MPRegen 0.15/turn

%: no passive effects
@: about to teleport, heroic, constricted
A: sickness immunity, AC +8, negative energy resistance 1, electricity
resistance, torment resistance 1, petrification resistance
a: Renounce Religion, Heroism, Finesse


You were on level 1 of the Lair of Beasts.
You worshipped Okawaru.
Okawaru was greatly pleased with you.
You visited 3 branches of the dungeon, and saw 11 of its levels.
You also visited: Ossuary.

You collected 671 gold pieces.
You spent 130 gold pieces at shops.


Innate Abilities, Weirdness & Mutations

You are immune to sickness and miasma.
Your stone body is resilient. (AC +8)
You are immune to poison.
You resist negative energy. (rN+)
You are resistant to electric shocks. (rElec)
You are resistant to unholy torment.
You are immune to petrification.


   Skills:
 - Level 10.0(15.0) Fighting
 + Level 14.1(19.1) Ranged Weapons
 - Level 5.0(10.0) Armour
 - Level 4.0(9.0) Dodging
 - Level 1.1(6.1) Stealth
 + Level 7.7 Invocations


You had 11 spell levels left.
You didn't know any spells.
Your spell library was empty.

Inventory:

Hand Weapons
 j - a +0 orcbow (weapon)
Armour
 c - the +2 hat "Qukh" {-Tele rElec Dex+2}
   (You acquired it on level 3 of the Dungeon)

   Dex+2:     It affects your dexterity (+2).
   rElec:     It insulates you from electricity.
   -Tele:     It prevents most forms of teleportation.
 f - the +3 leather armour "Xissahe" {Harm Regen+}
   (You found it on level 6 of the Dungeon)

   Regen+:    It increases your rate of health regeneration.
   Harm:      It increases damage dealt and taken.
 k - a +2 ring mail of positive energy
 p - a +0 pair of gloves (worn)
 t - a +2 pair of boots (worn)
 u - a +2 ring mail of fire resistance (worn)
 v - a +0 cloak (worn)
Jewellery
 a - an amulet of regeneration (around neck)
 h - a +5 ring of evasion (right hand)
 o - a +4 ring of protection (left hand)
Scrolls
 b - a scroll of identify
 w - 2 scrolls of teleportation
Potions
 d - 3 potions of heal wounds
 e - 7 potions of curing
 g - 3 potions of cancellation {unknown}
 i - 4 potions of resistance
 l - a potion of might
 m - 2 potions of enlightenment
 n - 4 potions of haste
 q - a potion of mutation {unknown}
 s - 2 potions of brilliance {unknown}
 x - a potion of invisibility {unknown}

Dungeon Overview and Level Annotations

Branches:
Dungeon (9/15)             Temple (1/1) D:6            Lair (1/5) D:9
Ossuary (visited)
    Orc: D:9-12

Altars:
Ashenzari
Cheibriados
Elyvilon
Fedhas
Gozag
Hepliaklqana
Kikubaaqudgha
Makhleb
Nemelex Xobeh
Okawaru
Qazlal
Ru
Sif Muna
Trog
Uskayaw
Vehumet
Wu Jian
Xom
Zin
The Shining One

Shops:
D:8 *   D:9 (

Annotations:
D:8 2 transporters, exclusion: orc, qw's ghost, novice GrFi


Message History

The alligator completely misses you. The hornet completely misses you.
The cane toad closely misses you.
You shoot an arrow. The arrow hits the anaconda.
The anaconda is lightly wounded.
The anaconda misses you. The anaconda constricts you.
The hornet closely misses you. The anaconda barely misses you.
The anaconda constricts you. The alligator misses you.
The alligator barely misses you. The cane toad barely misses you.
You shoot an arrow. The arrow hits the anaconda!
The anaconda is lightly wounded.
The anaconda closely misses you. The anaconda constricts you.
The hornet completely misses you. The alligator closely misses you.
The alligator completely misses you. The cane toad closely misses you.
You shoot an arrow. The arrow closely misses the anaconda.
The anaconda bites you! The anaconda constricts you.
A wyvern comes into view.
The hornet stings you but does no damage.
The anaconda barely misses you. The anaconda constricts you.
The cane toad barely misses you. The alligator bites you!
The alligator barely misses you.
You shoot an arrow. The arrow misses the anaconda.
The wyvern hisses angrily.
The hornet stings you but does no damage.
The anaconda bites you but does no damage.
The anaconda constricts you.
You shoot an arrow. The arrow hits the anaconda.
The anaconda is lightly wounded.
The hornet closely misses you.
The alligator bites you but does no damage.
The alligator tail-slaps you but does no damage.
The anaconda barely misses you. The anaconda constricts you.
The cane toad stings you but does no damage.
A rime drake comes into view.
The hornet stings you.
8570 ||| READING 3 scrolls of teleportation.
As you read the scroll of teleportation, it crumbles to dust.
You feel strangely unstable. The anaconda completely misses you.
The anaconda constricts you. The alligator bites you!
You die...

####### ##.# ### .... #
S~~. # ######## .~~~k
####~~~~~~###~~~~~
##~~~~~~~~~~~~~~~~~
#~~~~~~..Sy~~~~~~~~
#~~~..(..@Fk~l~~k~~ ##
#~~..%.##.tl...~~~~ ##.
#~~..#######....~~l #P.
#~~...## ~..F... ##.
#~~~...## #.#.~.~ #.
#~~~~...# ########### #.
##~~~...# #.##..#.#.###.
##~~...#####..........##.
#####..............#.##.


You could see an alligator, an anaconda, 2 cane toads, 2 rime drakes, a hornet
and 2 wyverns.

Vanquished Creatures
  A two-headed ogre (D:9)
  Pikel (D:5)
  2 cane toads (Lair:1)
  4 elephants (Lair:1)
  A komodo dragon (Lair:1)
  A hornet (D:9)
  3 wyverns
  15 yaks
  A steam dragon (D:6)
  2 basilisks
  4 vampire mosquitoes (D:9)
  7 water moccasins
  5 orc warriors
  3 sky beasts
  A hornet zombie (D:7)
  2 black bears
  2 ogres (D:5)
  5 wolves (Lair:1)
  A centaur (D:9)
  2 phantoms
  2 kobold brigands
  3 lemures (D:5)
  An elf zombie (D:8)
  6 bullfrogs
  A gnoll sergeant (D:9)
  2 wyvern zombies (D:7)
  3 scorpions
  An elf skeleton (D:8)
  2 water moccasin zombies (D:7)
  12 wights
  4 killer bees
  A bullfrog zombie (D:7)
  2 howler monkeys (D:5)
  3 hounds (D:5)
  2 centaur zombies (D:7)
  A human zombie (D:8)
  4 jellies
  7 orc priests
  2 gnoll boudas
  Jessica (D:3)
  A human skeleton (D:8)
  5 orc wizards
  6 iguanas
  4 killer bee zombies (D:7)
  8 mummies (Ossuary)
  A howler monkey zombie (D:7)
  3 adders
  19 gnolls
  2 ufetubi
  A worm (D:2)
  4 dart slugs
  30 orcs
  11 ball pythons
  6 bats
  5 endoplasms
  A giant cockroach (D:4)
  2 gnoll zombies (Ossuary)
  A goblin (D:3)
  3 hobgoblins
  3 jackals (D:1)
  15 kobolds
  4 quokkas
  3 frilled lizards
  A hobgoblin zombie (Ossuary)
  An orc skeleton (D:8)
  6 orc zombies
  5 rats
274 creatures vanquished.

Notes
Turn   | Place    | Note
-------+----------+-------------------------------------------
     0 | D:1      | qw the Gargoyle Hunter began the quest for the Orb.
     0 | D:1      | Reached XP level 1. HP: 12/12 MP: 1/1
     0 | D:1      | 0 ||| qw: Version: 0.3-a-76-g4403597
     0 | D:1      | 0 ||| qw: Game counter: 136
     0 | D:1      | 0 ||| qw: Melee chars always use a shield: true
     0 | D:1      | 0 ||| qw: God list: Okawaru
     0 | D:1      | 0 ||| qw: Allow faded altars: false
     0 | D:1      | 0 ||| qw: Do Orc after clearing Dungeon:15 true
     0 | D:1      | 0 ||| qw: Do second Lair branch before Depths: true
     0 | D:1      | 0 ||| qw: Lair rune preference: random
     0 | D:1      | 0 ||| qw: Goals: Normal
     0 | D:1      | 0 ||| PLANNING D:1-11
   203 | D:1      | Reached XP level 2. HP: 17/17 MP: 2/2
   317 | D:1      | Found a faded altar of an unknown god.
   356 | D:1      | Reached XP level 3. HP: 21/21 MP: 3/3
   403 | D:1      | Reached skill level 5 in Ranged Weapons
   732 | D:1      | 732 ||| UPGRADING to +1 robe of willpower.
   742 | D:1      | 742 ||| UPGRADING to ring of resist corrosion.
   743 | D:1      | 743 ||| UPGRADING to +5 ring of evasion.
   744 | D:1      | 744 ||| UPGRADING to ring of willpower.
   746 | D:1      | 746 ||| READING scroll labelled LIABRE NURCHAM.
   747 | D:1      | 747 ||| READING scroll labelled SERGHO BOBIAJU.
   748 | D:1      | 748 ||| READING scroll labelled ROGIMM CAES VEOLY.
   749 | D:1      | 749 ||| DROPPING scroll of butterflies.
   871 | D:2      | Reached skill level 3 in Fighting
   953 | D:2      | 953 ||| Stepping ~*~*~tactically~*~*~ (outnumbered).
  1132 | D:2      | Reached XP level 4. HP: 28/28 MP: 4/4
  1387 | D:2      | 1387 ||| UPGRADING to amulet of regeneration.
  1392 | D:2      | 1392 ||| DROPPING ring of resist corrosion.
  1393 | D:2      | 1393 ||| UPGRADING to +4 ring of protection.
  1395 | D:2      | 1395 ||| DROPPING ring of willpower.
  1396 | D:2      | 1396 ||| READING scroll labelled OGHERIWIYS.
  1397 | D:2      | 1397 ||| READING scroll labelled TOASU ZEYH.
  1398 | D:2      | 1398 ||| READING 2 scrolls labelled GAVOAM FARCHUSCH.
  1399 | D:2      | 1399 ||| DRINKING 2 brown potions.
  1400 | D:2      | 1400 ||| DRINKING 3 smoky black potions.
  1401 | D:2      | 1401 ||| DROPPING scroll of amnesia.
  1457 | D:3      | Found a burning altar of Makhleb.
  1497 | D:3      | Identified the +2 robe of Xiuttan {rCorr Str-5 Archmagi}
  1526 | D:3      | Noticed Jessica
  1529 | D:3      | Killed Jessica
  1530 | D:3      | Reached skill level 6 in Ranged Weapons
  1530 | D:3      | Reached XP level 5. HP: 32/32 MP: 5/5
  2100 | D:3      | 2100 ||| DROPPING +0 leather armour.
  2101 | D:3      | 2101 ||| UPGRADING to +0 pair of gloves.
  2106 | D:3      | 2106 ||| READING scroll labelled ETIPEECA JIKKA.
  2107 | D:3      | 2107 ||| READING scroll labelled QUTALALUIF.
  2107 | D:3      | Identified a scroll of acquirement
  2107 | D:3      | 2107 ||| ACQUIRING +2 hat "Qukh" {-Tele rElec Dex+2}
  2107 | D:3      | Acquired the +2 hat "Qukh" {-Tele rElec Dex+2}
  2109 | D:3      | 2109 ||| READING scroll labelled BEMERCH ASADU.
  2113 | D:3      | 2113 ||| READING scroll labelled EXYMMA SEYWAK.
  2114 | D:3      | 2114 ||| DRINKING 2 red potions.
  2193 | D:4      | Found a shimmering blue altar of Sif Muna.
  2245 | D:4      | 2245 ||| Stepping ~*~*~tactically~*~*~ (outnumbered).
  2256 | D:4      | 2256 ||| Stepping ~*~*~tactically~*~*~ (retreating).
  2259 | D:4      | 2259 ||| Stepping ~*~*~tactically~*~*~ (retreating).
  2260 | D:4      | 2260 ||| Stepping ~*~*~tactically~*~*~ (retreating).
  2271 | D:4      | Reached XP level 6. HP: 32/38 MP: 6/6
  2271 | D:4      | 2271 ||| FLEEEEING.
  2272 | D:4      | 2272 ||| FLEEEEING.
  2273 | D:4      | 2273 ||| FLEEEEING.
  2331 | D:4      | Found a sacrificial altar of Ru.
  2485 | D:4      | 2485 ||| FLEEEEING.
  2486 | D:4      | 2486 ||| FLEEEEING.
  2487 | D:4      | 2487 ||| FLEEEEING.
  2488 | D:4      | 2488 ||| FLEEEEING.
  2489 | D:4      | 2489 ||| FLEEEEING.
  2490 | D:4      | 2490 ||| FLEEEEING.
  2491 | D:4      | 2491 ||| FLEEEEING.
  2493 | D:4      | 2493 ||| FLEEEEING.
  2958 | D:4      | 2958 ||| DROPPING amulet of guardian spirit.
  2959 | D:4      | 2959 ||| DROPPING ring of magical power.
  2960 | D:4      | 2960 ||| READING 3 scrolls labelled IQEGUELIKO.
  2961 | D:4      | 2961 ||| READING 2 scrolls of identify.
  2961 | D:4      | 2961 ||| IDENTIFYING lumpy emerald potion
  2962 | D:4      | 2962 ||| DROPPING 2 scrolls of immolation.
  2981 | D:5      | Entered Level 5 of the Dungeon
  3007 | D:5      | Reached skill level 7 in Ranged Weapons
  3075 | D:5      | Reached XP level 7. HP: 43/43 MP: 7/7
  3256 | D:5      | Found a glowing silver altar of Zin.
  3310 | D:5      | 3310 ||| READING scroll of enchant weapon.
  3310 | D:5      | 3310 ||| ENCHANTING +1 shortbow of freezing.
  3560 | D:5      | Reached skill level 8 in Ranged Weapons
  3682 | D:5      | 3682 ||| RETREATING.
  3685 | D:5      | 3685 ||| Stepping ~*~*~tactically~*~*~ (retreating).
  3698 | D:5      | Reached skill level 1 in Armour
  3715 | D:5      | Reached XP level 8. HP: 49/49 MP: 8/8
  3845 | D:5      | 3845 ||| DROPPING +2 robe of Xiuttan {rCorr Str-5
                  | Archmagi}.
  3846 | D:5      | 3846 ||| UPGRADING to +2 ring mail of positive energy.
  3856 | D:5      | 3856 ||| DROPPING +1 robe of willpower.
  3857 | D:5      | 3857 ||| DROPPING +0 ring mail.
  3858 | D:5      | 3858 ||| UPGRADING to +2 pair of boots.
  3863 | D:5      | 3863 ||| UPGRADING to +2 ring mail of fire resistance.
  3873 | D:5      | 3873 ||| READING scroll labelled KEATEOZALU.
  3892 | D:6      | 3892 ||| STAIRDANCE
  3996 | D:6      | 3996 ||| STAIRDANCE
  4004 | D:6      | 4004 ||| STAIRDANCE
  4016 | D:6      | 4016 ||| STAIRDANCE
  4022 | D:5      | Reached skill level 9 in Ranged Weapons
  4042 | D:6      | Noticed Pikel
  4043 | D:6      | 4043 ||| STAIRDANCE
  4068 | D:6      | 4068 ||| STAIRDANCE
  4087 | D:5      | Killed Pikel
  4093 | D:6      | 4093 ||| STAIRDANCE
  4110 | D:6      | Reached XP level 9. HP: 59/59 MP: 9/9
  4116 | D:6      | Identified the +3 leather armour "Xissahe" {Harm Regen+}
  4118 | D:6      | Found a staircase to the Ecumenical Temple.
  4119 | D:6      | 4119 ||| PLANNING TEMPLE
  4128 | Temple   | Entered the Ecumenical Temple
  4129 | Temple   | 4129 ||| PLANNING OKAWARU WORSHIP
  4145 | Temple   | Became a worshipper of Warmaster Okawaru
  4146 | Temple   | 4146 ||| PLANNING D:1-11
  4532 | D:6      | 4532 ||| UPGRADING to +0 cloak.
  4537 | D:6      | 4537 ||| DROPPING amulet of magic regeneration.
  4538 | D:6      | 4538 ||| READING scroll labelled SOXOFA LOASSEXOV.
  4539 | D:6      | 4539 ||| DRINKING 2 fizzy red potions.
  4540 | D:6      | 4540 ||| READING 3 scrolls of identify.
  4540 | D:6      | 4540 ||| IDENTIFYING silvery potion
  4541 | D:6      | 4541 ||| READING 2 scrolls of identify.
  4541 | D:6      | 4541 ||| IDENTIFYING pink potion
  4542 | D:6      | 4542 ||| DROPPING potion of lignification.
  4758 | D:7      | Reached skill level 3 in Armour
  4811 | D:7      | 4811 ||| Stepping ~*~*~tactically~*~*~ (retreating).
  4814 | D:7      | 4814 ||| Stepping ~*~*~tactically~*~*~ (retreating).
  4815 | D:7      | 4815 ||| Stepping ~*~*~tactically~*~*~ (retreating).
  4837 | D:7      | Reached skill level 10 in Ranged Weapons
  4890 | D:7      | 4890 ||| Stepping ~*~*~tactically~*~*~ (outnumbered).
  4892 | D:7      | 4892 ||| Stepping ~*~*~tactically~*~*~ (retreating).
  4905 | D:7      | Reached * piety under Okawaru
  4937 | D:7      | Reached skill level 1 in Invocations
  5069 | D:7      | 5069 ||| RETREATING.
  5082 | D:7      | Reached skill level 3 in Invocations
  5093 | D:7      | Reached skill level 11 in Ranged Weapons
  5300 | D:7      | 5300 ||| INVOKING Heroism.
  5305 | D:7      | Reached skill level 3 in Dodging
  5354 | D:7      | Reached XP level 10. HP: 56/64 MP: 13/13
  5409 | D:7      | Reached ** piety under Okawaru
  5743 | D:7      | 5743 ||| DROPPING +0 robe of fire resistance.
  5761 | D:8      | 5761 ||| PLANNING OSSUARY
  5761 | D:8      | 5761 ||| Stepping ~*~*~tactically~*~*~ (retreating).
  5762 | D:8      | 5762 ||| Stepping ~*~*~tactically~*~*~ (retreating).
  5763 | D:8      | 5763 ||| Stepping ~*~*~tactically~*~*~ (retreating).
  5764 | D:8      | 5764 ||| Stepping ~*~*~tactically~*~*~ (retreating).
  5765 | D:8      | 5765 ||| INVOKING Heroism.
  5793 | D:8      | 5793 ||| READING scroll labelled MUERAZX VI LOSM.
  5835 | D:8      | Found Qebropa's Assorted Antiques.
  5844 | D:8      | 5844 ||| BUYING potion of curing (78 gold).
  5844 | D:8      | Bought a potion of curing for 78 gold pieces
  5844 | D:8      | 5844 ||| SHOPLISTING potion of resistance (260 gold, have
                  | 217).
  5844 | D:8      | 5844 ||| BUYING scroll of identify (52 gold).
  5844 | D:8      | Bought a scroll of identify for 52 gold pieces
  5854 | D:8      | 5854 ||| Stepping ~*~*~tactically~*~*~ (outnumbered).
  5891 | D:8      | 5891 ||| INVOKING Heroism.
  5933 | D:8      | 5933 ||| READING scroll of brand weapon.
  5933 | D:8      | 5933 ||| BRANDING +2 shortbow of freezing.
  5949 | D:8      | Found a sand-covered staircase.
  5951 | D:8      | 5951 ||| READING 2 scrolls of identify.
  5951 | D:8      | 5951 ||| IDENTIFYING bubbling golden potion
  5952 | D:8      | 5952 ||| DROPPING potion of attraction.
  5956 | Ossuary  | Entered an ossuary
  6017 | Ossuary  | 6017 ||| READING scroll of enchant weapon.
  6017 | Ossuary  | 6017 ||| ENCHANTING +2 shortbow of electrocution.
  6101 | Ossuary  | 6101 ||| DRINKING 2 bubbling black potions.
  6102 | Ossuary  | 6102 ||| DROPPING potion of degeneration.
  6125 | D:8      | 6125 ||| PLANNING D:1-11
  6201 | D:8      | Found a bloodstained altar of Trog.
  6207 | D:8      | 6207 ||| Stepping ~*~*~tactically~*~*~ (outnumbered).
  6209 | D:8      | 6209 ||| Stepping ~*~*~tactically~*~*~ (outnumbered).
  6236 | D:8      | Reached skill level 12 in Ranged Weapons
  6348 | D:8      | Noticed qw's ghost (novice GrFi)
  6349 | D:8      | Noticed a centaur warrior
  6355 | D:8      | Found a transporter.
  6361 | D:8      | Found a transporter.
  6362 | D:8      | Noticed an oklob plant
  6519 | D:8      | 6519 ||| RETREATING.
  6528 | D:8      | 6528 ||| Stepping ~*~*~tactically~*~*~ (retreating).
  6699 | D:8      | 6699 ||| READING scroll labelled RACYUN CUESTRI.
  6731 | D:9      | 6731 ||| STAIRDANCE
  6737 | D:9      | Reached skill level 13 in Ranged Weapons
  6738 | D:9      | 6738 ||| STAIRDANCE
  6747 | D:9      | 6747 ||| STAIRDANCE
  6763 | D:8      | Reached *** piety under Okawaru
  6768 | D:9      | 6768 ||| RETREATING.
  6773 | D:9      | 6773 ||| STAIRDANCE
  6787 | D:9      | 6787 ||| STAIRDANCE
  6792 | D:9      | 6792 ||| STAIRDANCE
  6794 | D:8      | 6794 ||| Stepping ~*~*~tactically~*~*~ (retreating).
  6795 | D:8      | 6795 ||| Stepping ~*~*~tactically~*~*~ (retreating).
  6796 | D:8      | 6796 ||| Stepping ~*~*~tactically~*~*~ (retreating).
  6806 | D:8      | 6806 ||| Stepping ~*~*~tactically~*~*~ (retreating).
  6807 | D:8      | 6807 ||| Stepping ~*~*~tactically~*~*~ (retreating).
  6815 | D:8      | Reached skill level 9 in Fighting
  6839 | D:9      | 6839 ||| STAIRDANCE
  6845 | D:8      | Reached XP level 11. HP: 71/71 MP: 14/14
  6847 | D:9      | 6847 ||| STAIRDANCE
  6872 | D:9      | 6872 ||| STAIRDANCE
  6893 | D:9      | Reached **** piety under Okawaru
  6956 | D:9      | 6956 ||| Stepping ~*~*~tactically~*~*~ (retreating).
  6960 | D:9      | 6960 ||| Stepping ~*~*~tactically~*~*~ (retreating).
  6961 | D:9      | 6961 ||| Stepping ~*~*~tactically~*~*~ (retreating).
  6962 | D:9      | 6962 ||| Stepping ~*~*~tactically~*~*~ (retreating).
  6963 | D:9      | 6963 ||| Stepping ~*~*~tactically~*~*~ (retreating).
  6964 | D:9      | 6964 ||| Stepping ~*~*~tactically~*~*~ (retreating).
  6965 | D:9      | 6965 ||| Stepping ~*~*~tactically~*~*~ (retreating).
  7029 | D:9      | 7029 ||| Stepping ~*~*~tactically~*~*~ (outnumbered).
  7114 | D:9      | 7114 ||| INVOKING Heroism.
  7175 | D:9      | 7175 ||| INVOKING Heroism.
  7230 | D:9      | Found a staircase to the Lair.
  7231 | D:9      | 7231 ||| SWAPPING to +0 orcbow.
  7232 | D:9      | 7232 ||| DROPPING +3 shortbow of electrocution.
  7319 | D:9      | Found a blossoming altar of Fedhas.
  7356 | D:9      | Noticed a two-headed ogre
  7357 | D:9      | 7357 ||| INVOKING Heroism.
  7363 | D:9      | Killed a two-headed ogre
  7413 | D:9      | Found Vuotuill's Weapon Emporium.
  7740 | D:9      | 7740 ||| PLANNING LAIR
  7772 | Lair:1   | Entered Level 1 of the Lair of Beasts
  7909 | Lair:1   | 7909 ||| RETREATING.
  7910 | Lair:1   | 7910 ||| Stepping ~*~*~tactically~*~*~ (retreating).
  7949 | Lair:1   | 7949 ||| INVOKING Heroism.
  7955 | Lair:1   | Received a gift from Okawaru
  7978 | Lair:1   | 7978 ||| RETREATING.
  7983 | Lair:1   | Reached skill level 14 in Ranged Weapons
  7983 | Lair:1   | Reached skill level 6 in Invocations
  8048 | Lair:1   | 8048 ||| Stepping ~*~*~tactically~*~*~ (retreating).
  8049 | Lair:1   | 8049 ||| Stepping ~*~*~tactically~*~*~ (retreating).
  8076 | Lair:1   | 8076 ||| Stepping ~*~*~tactically~*~*~ (retreating).
  8077 | Lair:1   | 8077 ||| Stepping ~*~*~tactically~*~*~ (retreating).
  8216 | Lair:1   | 8216 ||| INVOKING Heroism.
  8317 | Lair:1   | 8317 ||| INVOKING Heroism.
  8506 | Lair:1   | 8506 ||| INVOKING Heroism.
  8513 | Lair:1   | Reached XP level 12. HP: 77/77 MP: 14/17
  8529 | Lair:1   | Noticed an alligator
  8530 | Lair:1   | 8530 ||| RETREATING.
  8557 | Lair:1   | Noticed an anaconda
  8558 | Lair:1   | 8558 ||| RETREATING.
  8561 | Lair:1   | 8561 ||| Stepping ~*~*~tactically~*~*~ (retreating).
  8563 | Lair:1   | 8563 ||| INVOKING Heroism.
  8569 | Lair:1   | HP: 17/77 [hornet (6)]
  8570 | Lair:1   | 8570 ||| READING 3 scrolls of teleportation.
  8570 | Lair:1   | Slain by an alligator

Levels and vault maps discovered:
D:1:      amcnicky_arrival_single_pillar, layout_basic,
          chequers_ecumenical_altar_grove
D:2:      layout_basic
D:3:      layout_basic, bloody_makhleb, hangedman_decor_push, uniq_jessica
D:4:      layout_cave_pods, lemuel_blue_sif_altar, hangedman_ru_absence
D:5:      layout_basic, zin_scriptorium, kennysheep_generic_room_15
D:6:      layout_cave_pools, minmay_temple_entry_overgrown, uniq_pikel
D:7:      layout_layer_cave, serial_undead, serial_undead_d, serial_undead_b,
          serial_undead_d, serial_undead_e, serial_undead_f, serial_undead_d,
          serial_undead_a
D:8:      layout_basic, mainiacjoe_overflow_brackets,
          mainiacjoe_overflow_alcove_1, nicolae_ossuary_entry_catacombs,
          nzn_ghost_randoct, serial_shops, nicolae_stop_n_shop_2,
          nicolae_fountain_basement
D:9:      layout_long_grid, fedhas_altar_4, minmay_lair_entry_grove,
          serial_shops, nicolae_shop_bloodbath_and_beyond, nicolae_eternal_life
Temple:   nicolae_temple_ecumenical_triangle
Lair:1:   layout_roguey, nicolae_lair_lakeside_cave

Skill      XL: |  1  2  3  4  5  6  7  8  9 10 11 |
---------------+----------------------------------+-----
Ranged Weapons | 5 6 7 8 9 11 13 14 | 14.1
Fighting       | 3 4 5 8 9 10 | 10.0
Dodging        | 2 3 4 |  4.0
Armour         | 1 2 3 5 |  5.0
Invocations    | 4 7 |  7.7
Stealth        | |  1.1

Action                     |  1- 3 |  4- 6 |  7- 9 | 10-12 || total
---------------------------+-------+-------+-------+-------++-------
   Fire: Shortbow          |    93 |   162 |   395 |   408 ||  1058
         Orcbow            |       |       |       |   219 ||   219
 Invoke: Heroism           |       |       |     1 |    10 ||    11
    Use: Scroll            |     3 |     9 |     5 |     6 ||    23
         Potion            |       |     3 |     1 |     1 ||     5
 Armour: Leather armour    |    14 |       |       |       ||    14
         Robe              |     4 |    44 |     7 |       ||    55
         Ring mail         |       |       |   220 |   265 ||   485
  Dodge: Dodged            |    23 |    58 |   358 |   341 ||   780

Table legend:
 A = Non-vault XP
 B = Vault XP
 C = Vault XP percentage of total XP
 D = Non-vault monster count
 E = Vault monster count
 F = Vault count percentage of total count
                 A         B        C        D         E       F
            +---------+---------+-------+---------+---------+-------
      Total |   13168 |    5328 |  28.8 |     208 |      63 |  23.2
            +---------+---------+-------+---------+---------+-------
        D:1 |      42 |       0 |   0.0 |      24 |       0 |   0.0
        D:2 |      57 |       0 |   0.0 |      15 |       0 |   0.0
        D:3 |      69 |      37 |  34.9 |      18 |       1 |   5.3
        D:4 |     171 |       0 |   0.0 |      14 |       0 |   0.0
        D:5 |    1152 |     818 |  41.5 |      24 |       3 |  11.1
        D:6 |     329 |       0 |   0.0 |       3 |       0 |   0.0
        D:7 |    1154 |    1233 |  51.7 |      30 |      20 |  40.0
        D:8 |    2055 |    2539 |  55.3 |      27 |      19 |  41.3
        D:9 |    2749 |     256 |   8.5 |      31 |       2 |   6.1
     Lair:1 |    5390 |     293 |   5.2 |      22 |       2 |   8.3
    Ossuary |       0 |     152 | 100.0 |       0 |      16 | 100.0
            +---------+---------+-------+---------+---------+-------
